Cogmind - Beta 15 @@@ ROGUE MODE // 2025.06.03 @ 13:10:19 Player: SuperSwiss Result: Destroyed by S-43 Plague with Heavy Machine Gun Performance ------------- Evolutions (9) 4500 Regions Visited (15) 3000 Robots Destroyed (82) 410 Value Destroyed (2011) 2011 Prototype IDs (47) 940 Alien Tech Used (0) 0 Bonus (1641) 1641 TOTAL SCORE: 12502 Bonus ------- Triggered Max Security 1000 High Alert Combat Kills 237 Follower Combat Kills 104 Aligned with FarCom 300 Cogmind --------- Core Integrity 0/1600 Matter 117/300 Energy 71/100 System Corruption 10% Temperature Cool (0) Movement Core (250) Ox4 Location -1/Access Parts ------- > --- POWER (3) -------- (None) > --- PROPULSION (8) --- (None) > --- UTILITY (11) ----- Advanced Signal Interpreter Advanced Melee Analysis Suite > --- WEAPON (3) ------- Enhanced Hardcell Cannon > --- INVENTORY (5) ---- Machine Analyzer Peak State ------------ > --- POWER ------------ Quantum Reactor > --- PROPULSION ------- Improved Heavy Siege Treads Cooled Cesium-ion Thruster Cooled Cesium-ion Thruster Impulse Thruster Array Impulse Thruster Array > --- UTILITY ---------- 2N-1CE's Frost Array Machine Analyzer Experimental Optical Array Advanced Signal Interpreter Advanced Melee Analysis Suite Experimental Transmission Jammer ECM Suite Improved Hacking Suite Advanced Hacking Suite Advanced System Shield > --- WEAPON ----------- Enhanced Nova Cannon Shock Maul Power Sword > --- INVENTORY -------- Light Neutrino Core Nova Cannon [Rating: 149] Favorites ----------- Power Improved Ion Engine Engine Improved Ion Engine Power Core Light Neutrino Core Reactor Quantum Reactor Propulsion Cooled Cesium-ion Thruster Treads Light Treads Wheel Wheel Hover Unit Improved Antigrav System Flight Unit Cooled Cesium-ion Thruster Utility Hacking Suite Device PSU Rigger Storage Large Storage Unit Processor Improved Targeting Computer Hackware Hacking Suite Protection Medium Armor Plating Weapon Heavy Assault Rifle Energy Gun Heavy EM Shotgun Energy Cannon Nova Cannon Ballistic Gun Heavy Assault Rifle Ballistic Cannon Enhanced Hardcell Cannon Launcher Improved Grenade Launcher Special Weapon Mining Laser Impact Weapon Heavy Flail Slashing Weapon Chainsword Piercing Weapon Kinetic Spear Build | -11 -10 -10 -9 -9 -9 -8 -8 -7 -6 -5 -4 -3 -2 -2 -1 ------- Run | Yrd Mat Min Mat Min Exi Min Mat Fac Fac Fac Fac Res Res Tes Acc Slots Evolved 18 | . . . 2 . . . 2 2 2 2 2 2 2 . 2 Power 2 | . . . . . . . . . 1 . . 1 . . . Propulsion 6 | . . . . . . . 2 1 . 1 . 1 . . 1 Utility 9 | . . . 1 . . . . 1 1 1 2 . 2 . 1 Weapon 1 | . . . 1 . . . . . . . . . . . . Parts Attached 125 | 7 3 . 16 5 . 2 16 4 22 9 5 6 8 5 17 Power 17 | 1 . . 2 . . . 1 . 6 2 . . 1 1 3 Engine 9 | 1 . . 2 . . . 1 . 4 . . . . . 1 Core 4 | . . . . . . . . . 2 2 . . . . . Reactor 4 | . . . . . . . . . . . . . 1 1 2 Propulsion 39 | 2 2 . 2 2 . 1 8 1 10 2 1 1 . . 7 Treads 4 | 1 1 . 1 . . . . . . . . . . . 1 Leg . | . . . . . . . . . . . . . . . . Wheel 3 | 1 1 . . 1 . . . . . . . . . . . Hover 3 | . . . . . . . . . . . . . . . 3 Flight 29 | . . . 1 1 . 1 8 1 10 2 1 1 . . 3 Utility 38 | 2 1 . 6 1 . . 4 1 4 2 4 3 7 2 1 Device 14 | 1 . . . . . . 1 . 3 . 3 1 3 1 1 Storage 3 | 1 1 . 1 . . . . . . . . . . . . Processor 8 | . . . 2 . . . 2 . . . . 2 2 . . Hackware 8 | . . . . . . . . 1 1 2 1 . 2 1 . Protection 5 | . . . 3 1 . . 1 . . . . . . . . Artifact . | . . . . . . . . . . . . . . . . Weapon 31 | 2 . . 6 2 . 1 3 2 2 3 . 2 . 2 6 Energy Gun 1 | . . . . . . . . 1 . . . . . . . Energy Cannon 4 | . . . . . . . . . . . . 1 . . 3 Ballistic Gun 11 | 2 . . 6 1 . . . . . 1 . 1 . . . Ballistic Cannon 1 | . . . . . . . . . . . . . . . 1 Launcher 5 | . . . . 1 . 1 1 . . . . . . . 2 Special Weapon 1 | . . . . . . . 1 . . . . . . . . Impact Weapon 3 | . . . . . . . 1 1 . . . . . 1 . Slashing Weapon 4 | . . . . . . . . . 2 2 . . . . . Piercing Weapon 1 | . . . . . . . . . . . . . . 1 . Special Melee Weapon . | . . . . . . . . . . . . . . . . Unidentified Prototypes 15 | . . . 1 . . . 1 2 4 2 . . 2 3 . Parts Lost 60 | . . . 2 5 . 7 3 . 8 . 2 1 2 6 24 Power 7 | . . . . . . 1 . . 3 . . . 1 1 1 Propulsion 22 | . . . 1 2 . 2 1 . 3 . . . 1 3 9 Utility 17 | . . . 1 1 . 1 1 . 1 . 2 1 . . 9 Weapon 14 | . . . . 2 . 3 1 . 1 . . . . 2 5 Highest Loss Streak 13 | . . . 1 5 . 6 3 . 4 . 1 1 2 6 13 To Critical Strikes 1 | . . . . . . . . . . . . . . . 1 Average Backups 6 | 2 5 10 11 11 13 13 4 3 4 4 4 4 4 3 2 Power 1 | . 1 1 1 1 1 1 . 1 1 1 2 1 1 . . Propulsion 2 | 1 2 4 3 4 4 4 1 . 1 . . . 1 . . Utility 1 | . . 1 1 2 4 4 2 1 . 2 2 1 1 . . Weapon 1 | . 1 4 4 3 3 2 . . . . . . 1 1 1 Tool/Special . | . . . . . . . . . . . . . . . . Unused Backups 29 | . . . 2 . . . 5 . 8 7 . 1 3 2 1 Power 13 | . . . 1 . . . . . 6 4 . 1 1 . . Propulsion 3 | . . . . . . . 2 . 1 . . . . . . Utility 9 | . . . . . . . 2 . 1 3 . . 1 1 1 Weapon 3 | . . . 1 . . . . . . . . . 1 1 . Tool/Special 1 | . . . . . . . 1 . . . . . . . . Average Slot Usage (%) 91 | . 100 100 98 98 100 97 97 85 82 93 91 84 89 85 63 Engine 8 | . 14 14 11 11 11 10 8 7 7 5 5 4 3 . . Core 1 | . . . . . . . . . 1 4 5 4 4 . . Treads 8 | . 26 28 21 11 11 . . . . . . . . . . Wheel 1 | . 1 . . 9 11 11 . . . . . . . . . Flight 15 | . . . . . . 10 35 31 32 34 31 28 25 25 12 Device 9 | . 14 14 1 . . . 8 7 17 17 18 13 13 12 11 Storage 5 | . 14 14 11 11 11 11 . . . . . . . . . Processor 6 | . . . 6 11 11 11 16 7 . . . 5 13 17 15 Hackware 5 | . . . . . . . . 6 5 11 15 14 15 13 10 Protection 4 | . . . 13 11 11 10 . 5 1 . . . . . . Ballistic Gun 15 | . 28 28 32 32 33 31 1 . . 1 5 2 4 3 . Impact Weapon 1 | . . . . . . . 7 7 3 . . . . . 3 Slashing Weapon 3 | . . . . . . . . . 7 15 10 4 4 4 2 Peak Build Rating 149 | 7 8 8 18 18 19 19 41 47 75 89 102 119 131 137 149 Average Rating 53 | 5 7 8 15 17 18 18 38 43 59 84 97 109 127 134 116 On Entrance 47 | . 7 8 8 18 18 19 10 36 47 69 88 93 119 124 95 Naked Turns . | . . . . . . . . . . . . . . . . Heaviest Build 45 | 15 20 20 45 45 45 45 22 20 29 36 37 42 42 40 43 Greatest Support 50 | 20 40 40 40 40 10 10 20 25 30 36 37 46 49 49 50 Greatest Overweight (x) 8 | . 1 . 1 4 4 8 1 . 1 . . . . . 4 Average Overweight (x) . | . . . . 3 4 4 . . . . . . . . . Largest Inventory Capacity 15 | 8 10 10 15 15 15 15 15 5 5 5 5 5 5 5 5 Average Capacity 8 | 7 8 10 12 15 15 15 5 5 5 5 5 5 5 5 5 Most Carried 15 | 3 10 10 15 15 15 15 12 5 5 5 5 5 5 5 5 Average Carried 7 | 2 5 10 11 11 14 14 5 4 4 4 4 4 4 4 3 Final Capacity 15 | 8 10 10 15 15 15 15 5 5 5 5 5 5 5 5 5 Final Carried 15 | 3 10 10 15 14 15 13 5 5 5 5 4 5 4 5 1 Class Distribution -------------------- 22% | Gunner 20% | Hacker-Sprinter 17% | Sprinter 14% | Mutant 10% | Hacker-Ninja 7% | Tank 3% | Skirmisher Dominant Class ---------------- Mutant | -10/Materials Mutant | -10/Mines Gunner | -9/Materials Gunner | -9/Mines Gunner | -9/Exiles Skirmisher | -8/Mines Sprinter | -8/Materials Sprinter | -7/Factory Sprinter | -6/Factory Hacker-Sprinter | -5/Factory Hacker-Sprinter | -4/Factory Hacker-Sprinter | -3/Research Hacker-Sprinter | -2/Research Hacker-Ninja | -2/Testing Hacker-Ninja | -1/Access Resources | -11 -10 -10 -9 -9 -9 -8 -8 -7 -6 -5 -4 -3 -2 -2 -1 ----------- Run | Yrd Mat Min Mat Min Exi Min Mat Fac Fac Fac Fac Res Res Tes Acc Matter Collected 2653 | 246 246 . 667 198 . 110 209 24 403 140 34 129 80 . 167 Remotely . | . . . . . . . . . . . . . . . . Salvage Created 3681 | 16 308 . 1095 132 . 124 205 24 342 656 32 260 209 . 278 Parts 159 | 3 22 . 51 6 . 9 9 . 17 15 1 9 3 . 14 Haulers Intercepted 14 | . 1 . 4 . . . 2 . 1 1 . 2 2 . 1 Recyclers Shooed 4 | . . . 2 . . . . . . 1 . . 1 . . Parts Field Recycled . | . . . . . . . . . . . . . . . . Retrieved Matter . | . . . . . . . . . . . . . . . . Parts Self-Destructed . | . . . . . . . . . . . . . . . . Prevented . | . . . . . . . . . . . . . . . . Kills | -11 -10 -10 -9 -9 -9 -8 -8 -7 -6 -5 -4 -3 -2 -2 -1 ------- Run | Yrd Mat Min Mat Min Exi Min Mat Fac Fac Fac Fac Res Res Tes Acc Combat Hostiles Destroyed 52 | . 10 . 14 12 . 5 3 . 2 . . 1 . . 5 Melee 1 | . . . . . . . 1 . . . . . . . . Guns 35 | . 10 . 14 4 . 5 . . 2 . . . . . . Cannons 3 | . . . . . . . . . . . . 1 . . 2 AOE 12 | . . . . 8 . . 1 . . . . . . . 3 Classes Destroyed 16 | 1 3 . 3 3 . . 1 1 . . 1 1 . . 2 Worker 4 | . . . . . . . 2 . 1 . . . . . 1 Builder 2 | . . . . 1 . . . . . . . . . . 1 Tunneler 4 | 1 . . 1 1 . . . . 1 . . . . . . Hauler 14 | . 1 . 4 . . . 2 . 1 1 . 2 2 . 1 Recycler 9 | . . . 4 . . . . . 1 4 . . . . . Operator 4 | . . . . . . . . 1 2 1 . . . . . Watcher 2 | . . . . . . . . . . . 1 . . . 1 Swarmer 16 | . 6 . 2 2 . 4 . . 2 . . . . . . Cutter 1 | . . . . . . . . . . . . . . . 1 Grunt 14 | . 4 . 5 . . 1 3 . . . . . . . 1 Duelist 2 | . . . 2 . . . . . . . . . . . . Protector 1 | . . . . . . . . . . . . . . . 1 Sentry 5 | . . . 5 . . . . . . . . . . . . Demolisher 1 | . . . . 1 . . . . . . . . . . . Programmer 3 | . . . . . . . . . . . . 1 . . 2 Assembled 9 | . . . . 9 . . . . . . . . . . . Best Kill Streak 10 | 1 5 . 6 10 . 4 4 1 3 4 1 1 1 . 4 Combat Bots Only 10 | . 5 . 2 10 . 4 2 . 2 . . 1 . . 2 Max Kills in Single Turn 4 | 1 1 . 2 4 . 1 2 1 1 1 1 1 1 . 2 Gunslinging 1 | . . . 1 . . . . . . . . . . . . Exploded 4 | . . . . 4 . . 1 . . . . . . . 2 Melee 1 | . . . . . . . 1 . . . . . . . . Uniques/NPCs Destroyed . | . . . . . . . . . . . . . . . . Combat | -11 -10 -10 -9 -9 -9 -8 -8 -7 -6 -5 -4 -3 -2 -2 -1 -------- Run | Yrd Mat Min Mat Min Exi Min Mat Fac Fac Fac Fac Res Res Tes Acc Hostile Shots Fired 723 | . 36 . 75 44 . 45 21 . 71 6 8 11 63 59 284 Missed 320 | . 7 . 19 13 . 12 8 . 49 3 3 2 39 36 129 Hits 403 | . 29 . 56 31 . 33 13 . 22 3 5 9 24 23 155 Melee 17 | . . . 6 . . . . . . . . . 3 . 8 Projectile 386 | . 29 . 50 31 . 33 13 . 22 3 5 9 21 23 147 AOE 10 | . . . . 7 . . . . . . 2 . . . 1 Critical Strikes 16 | . . . . . . . 1 . 1 1 1 . 2 2 8 Damage Taken 8427 | . 312 . 787 606 . 474 196 42 829 60 318 225 500 645 3433 Core 2350 | . 51 . 66 11 . 75 . 14 111 13 . 25 178 189 1617 Absorbed by Shields . | . . . . . . . . . . . . . . . . Regen/Repaired (Parts) 12 | . . . . . . . . . 12 . . . . . . Core Remaining (%) 89 | 100 . 79 . . . 62 100 98 86 98 100 98 . 74 . Volleys Fired 199 | 7 25 . 52 14 . 11 15 . 7 . . 7 16 4 41 Largest 3 | 2 2 . 3 3 . 3 1 . 1 . . 2 1 1 2 Hottest 240 | 40 40 . 69 76 . 69 100 . 50 . . 148 113 113 240 Shots Fired 393 | 14 50 . 156 42 . 26 15 . 7 . . 12 16 4 51 Gun 294 | 14 50 . 156 39 . 25 . . 5 . . 5 . . . Cannon 71 | . . . . . . . . . . . . 7 16 4 44 Launcher 16 | . . . . 3 . 1 3 . 2 . . . . . 7 Special 12 | . . . . . . . 12 . . . . . . . . Kinetic 289 | 14 50 . 156 39 . 25 . . . . . 5 . . . Thermal 83 | . . . . . . . 12 . . . . 7 16 4 44 Explosive 16 | . . . . 3 . 1 3 . 2 . . . . . 7 Electromagnetic 5 | . . . . . . . . . 5 . . . . . . Robot Hit Streak 20 | 4 17 . 20 3 . 20 . . 4 . . 5 . . 10 Robot Miss Streak 5 | 3 2 . 2 3 . 2 . . 2 . . 1 . . 5 Penetration Max . | . . . . . . . . . . . . . . . . Secondary Targets 6 | . 2 . 3 1 . . . . . . . . . . . Max Gunslinging Chain 1 | . 1 . 1 1 . . . . . . . . . . . Shots Hit Robots 276 | 8 39 . 105 19 . 23 9 1 14 18 3 11 7 . 19 Core Hits 135 | 1 16 . 34 23 . 7 14 . 8 6 . 4 2 . 20 Critical Kills 2 | . 1 . . 1 . . . . . . . . . . . Critical Parts Destroyed 4 | . . . 2 . . . 1 1 . . . . . . . Critical Strikes 9 | . 1 . 2 1 . . 1 1 . 1 . . 2 . . Destroy 4 | . 1 . 2 1 . . . . . . . . . . . Smash 2 | . . . . . . . 1 1 . . . . . . . Sever 3 | . . . . . . . . . . 1 . . 2 . . Melee Attacks 289 | . . . . . . . 15 5 49 85 23 11 50 12 39 Impact 56 | . . . . . . . 15 5 23 . . . . . 13 Slashing 233 | . . . . . . . . . 26 85 23 11 50 12 26 Piercing . | . . . . . . . . . . . . . . . . Sneak Attacks 28 | . . . . . . . 1 . 6 11 1 2 4 . 3 Combat Hostiles . | . . . . . . . . . . . . . . . . Follow-up Attacks 6 | . . . . . . . . . 2 3 1 . . . . Damage Inflicted 10011 | 104 505 . 1657 810 . 437 1041 99 751 1126 169 543 514 . 2255 Guns 3109 | 104 505 . 1657 284 . 377 . . 57 . . 125 . . . Cannons 572 | . . . . . . . . . . . . 144 . . 428 Explosions 2733 | . . . . 526 . 60 562 . 108 . . . . . 1477 Melee 3597 | . . . . . . . 479 99 586 1126 169 274 514 . 350 Ramming . | . . . . . . . . . . . . . . . . Kinetic 3052 | 104 505 . 1657 284 . 377 . . . . . 125 . . . Thermal 619 | . . . . . . . . . 47 . . 144 . . 428 Explosive 2686 | . . . . 526 . 60 562 . 61 . . . . . 1477 Electromagnetic 57 | . . . . . . . . . 57 . . . . . . Impact 920 | . . . . . . . 479 99 342 . . . . . . Slashing 2677 | . . . . . . . . . 244 1126 169 274 514 . 350 Piercing . | . . . . . . . . . . . . . . . . Highest Corruption 18 | . . . . . . . . . 18 . . 4 . 1 10 Average Corruption 4 | . . . . . . . . . 4 . . 2 . 1 4 Corruption Purged . | . . . . . . . . . . . . . . . . Corruption Blocked . | . . . . . . . . . . . . . . . . Effects 26 | . . . . . . . . . 13 . . 2 . 1 10 Message Errors 5 | . . . . . . . . . 3 . . . . 1 1 Matter Fused 9 | . . . . . . . . . 4 . . 1 . . 4 Heat Flow Errors 3 | . . . . . . . . . 1 . . . . . 2 Energy Discharges 4 | . . . . . . . . . 2 . . 1 . . 1 Data Loss (minor) 3 | . . . . . . . . . 3 . . . . . . Misfires 1 | . . . . . . . . . . . . . . . 1 Alerts 1 | . . . . . . . . . . . . . . . 1 Overload Shots . | . . . . . . . . . . . . . . . . Overflow Damage 772 | . . . . . . . 71 99 116 216 72 90 20 . 88 Projectiles 63 | . . . . . . . . . . . . 33 . . 30 Explosions 20 | . . . . . . . . . 14 . . . . . 6 Melee 689 | . . . . . . . 71 99 102 216 72 57 20 . 52 Knockbacks 3 | . . . . . . . 1 . 2 . . . . . . Impact 3 | . . . . . . . 1 . 2 . . . . . . Kinetic . | . . . . . . . . . . . . . . . . Secondary . | . . . . . . . . . . . . . . . . Self-Inflicted Damage 119 | . . . . 37 . 27 . . 48 . . . . . 7 Shots 4 | . . . . 1 . 1 . . 1 . . . . . 1 Rammed . | . . . . . . . . . . . . . . . . Targets Rammed . | . . . . . . . . . . . . . . . . Kicked . | . . . . . . . . . . . . . . . . Crushed . | . . . . . . . . . . . . . . . . Highest Temperature 294 | . 2 . 106 60 . 36 60 17 172 294 195 198 196 84 271 Average Temperature 51 | . 2 . 37 21 . 11 23 6 27 82 65 52 33 44 107 Received Heat Transfer 915 | . 126 . 189 . . 216 99 . 27 27 51 . 9 54 117 Siege Activations . | . . . . . . . . . . . . . . . . Martial Activations . | . . . . . . . . . . . . . . . . Shielding Activations . | . . . . . . . . . . . . . . . . Robots Disrupted . | . . . . . . . . . . . . . . . . Combat Hostiles . | . . . . . . . . . . . . . . . . Robots Corrupted 3 | . . . . . . . 1 . 2 . . . . . . Combat Hostiles 1 | . . . . . . . 1 . . . . . . . . Parts Fried 6 | . . . . . . . 1 3 2 . . . . . . Impact Corruptions 8 | . . . . . . . 3 1 4 . . . . . . Robots Melted . | . . . . . . . . . . . . . . . . Combat Hostiles . | . . . . . . . . . . . . . . . . Parts Melted 1 | . . . . . . . . . 1 . . . . . . Heat Transferred 512 | . . . . . . . . . 50 . . 111 . . 351 Parts Sabotaged . | . . . . . . . . . . . . . . . . Parts Stolen . | . . . . . . . . . . . . . . . . Parts Stripped . | . . . . . . . . . . . . . . . . Power Chain Reactions 1 | . . . . . . . . . 1 . . . . . . Alert | -11 -10 -10 -9 -9 -9 -8 -8 -7 -6 -5 -4 -3 -2 -2 -1 ------- Run | Yrd Mat Min Mat Min Exi Min Mat Fac Fac Fac Fac Res Res Tes Acc Maximum Alert Level 5 | . . . . . . . . . . . . . . 5 4 Low Security (%) 87 | 100 100 100 100 100 . 100 100 100 100 100 100 100 100 . . Level 1 . | . . . . . . . . . . . . . . . . Level 2 . | . . . . . . . . . . . . . . . . Level 3 5 | . . . . . . . . . . . . . . . 67 Level 4 2 | . . . . . . . . . . . . . . . 32 Level 5 . | . . . . . . . . . . . . . . . . High Security . | . . . . . . . . . . . . . . . . Max Security 3 | . . . . . . . . . . . . . . 99 . Peak Influence 1723 | 5 175 . 173 50 . 80 135 60 133 83 65 54 55 1723 1495 Initial 1100 | . . . . 9 . . 7 42 14 68 23 . 30 15 1100 Average 194 | . 44 . 69 4 . 21 42 21 50 48 18 21 27 1644 1125 Influence Increases 4240 | 5 273 . 669 118 . 119 247 128 635 334 192 160 278 123 959 Destroy 0b10 Robot/C 960 | . 200 . 400 60 . 100 60 . 40 . . 20 . . 80 Destroy 0b10 Robot/NC 205 | 5 5 . 50 10 . . 20 5 30 30 5 10 10 . 25 Destroy Leader 252 | . 42 . 118 20 . 10 4 . 12 2 2 14 4 . 24 Allied During Kill 30 | . . . 30 . . . . . . . . . . . . Trap Triggered on 0b10 40 | . . . . . . . . . 40 . . . . . . Successful Hack 364 | . 11 . 23 . . . 17 31 80 44 50 19 45 . 44 Disable Machine 165 | . . . . . . . 30 30 15 15 . . . 45 30 Destroy Structure 649 | . . . 3 28 . 9 26 2 43 78 30 22 144 33 231 Partial Spotted 570 | . . . . . . . 75 15 90 105 30 60 75 45 75 Lose Combat Pursuer 1005 | . 15 . 45 . . . 15 45 285 60 75 15 . . 450 Influence Decreases 4465 | 5 273 . 645 142 . 100 173 190 525 427 240 106 304 73 1262 Entered New Map 896 | . . . . 15 . . 12 51 17 73 25 . 24 13 666 Time Decay 2901 | 5 273 . 555 99 . 80 121 139 386 338 193 96 260 . 356 Lost Part 520 | . . . 20 28 . 20 30 . 80 . 12 10 20 60 240 Lost Ally 112 | . . . 70 . . . 10 . 22 . 10 . . . . Purge Threat 36 | . . . . . . . . . 20 16 . . . . . Squads Dispatched 52 | . 1 . 2 . . . 1 1 8 6 2 2 7 12 10 Investigation 2 | . . . 1 . . . . . 1 . . . . . . Extermination 16 | . . . . . . . . 1 4 2 1 1 4 . 3 Reinforcement 18 | . 1 . 1 . . . . . 3 4 1 1 2 . 5 Assault 14 | . . . . . . . . . . . . . . 12 2 Garrison 2 | . . . . . . . 1 . . . . . 1 . . Intercept . | . . . . . . . . . . . . . . . . Searches Triggered . | . . . . . . . . . . . . . . . . Construction Impeded 2 | . . . . . . . . . 1 . . . . . 1 Haulers Reinforced 3 | . . . . . . . . . . 1 . . 1 . 1 Active Scanning Responses . | . . . . . . . . . . . . . . . . Cargo Convoy Interrupts . | . . . . . . . . . . . . . . . . Stealth | -11 -10 -10 -9 -9 -9 -8 -8 -7 -6 -5 -4 -3 -2 -2 -1 --------- Run | Yrd Mat Min Mat Min Exi Min Mat Fac Fac Fac Fac Res Res Tes Acc Distress Signals 19 | . . . 5 . . . 2 2 . 1 1 1 1 2 4 Communications Jammed 2 | . . . . . . . . . . . . 1 1 . . Distress Signals 2 | . . . . . . . . . . . . 1 1 . . Times Spotted 308 | . 20 . 38 20 . 6 11 8 27 12 12 9 43 36 66 Peak Tracking Total 21 | . 7 . 5 20 . 3 7 5 5 5 4 6 13 21 19 Tactical Retreats 47 | . 1 . 2 . . . 1 1 11 3 4 1 10 5 8 Traps | -11 -10 -10 -9 -9 -9 -8 -8 -7 -6 -5 -4 -3 -2 -2 -1 ------- Run | Yrd Mat Min Mat Min Exi Min Mat Fac Fac Fac Fac Res Res Tes Acc Traps Triggered 7 | . 1 . 1 . . . . 1 2 2 . . . . . Indirectly . | . . . . . . . . . . . . . . . . Trap Hack Attempts . | . . . . . . . . . . . . . . . . Triggered . | . . . . . . . . . . . . . . . . Disarmed 17 | . . . . . . . . . 5 12 . . . . . Reprogrammed 5 | . . . . . . . . . 5 . . . . . . Reused 4 | . . . . . . . . . 4 . . . . . . Traps Extracted . | . . . . . . . . . . . . . . . . Installed . | . . . . . . . . . . . . . . . . Triggered 4 | . . . . . . . . . 4 . . . . . . Objects Rigged 15 | . . . . . . . . 2 8 5 . . . . . Exploded 11 | . . . . . . . . . 4 5 . 1 1 . . Machines | -11 -10 -10 -9 -9 -9 -8 -8 -7 -6 -5 -4 -3 -2 -2 -1 ---------- Run | Yrd Mat Min Mat Min Exi Min Mat Fac Fac Fac Fac Res Res Tes Acc Machines Disabled 11 | . . . . . . . 2 2 1 1 . . . 3 2 Max in Single Turn 1 | . . . . . . . 1 1 1 1 . . . 1 1 Garrison Access 8 | . . . . . . . . 2 2 1 . 1 1 . 1 Machines Repaired . | . . . . . . . . . . . . . . . . Machines Dismantled . | . . . . . . . . . . . . . . . . Machines Sabotaged . | . . . . . . . . . . . . . . . . Overloaded Fab Kills . | . . . . . . . . . . . . . . . . Hacking | -11 -10 -10 -9 -9 -9 -8 -8 -7 -6 -5 -4 -3 -2 -2 -1 --------- Run | Yrd Mat Min Mat Min Exi Min Mat Fac Fac Fac Fac Res Res Tes Acc Machines Accessed 77 | . 7 . 6 . 1 . 4 8 16 13 6 4 6 . 6 Terminals 57 | . 7 . 5 . . . 3 5 12 10 5 3 3 . 4 Fabricators 1 | . . . . . . . . . . . . . . . 1 Repair Stations 1 | . . . . . . . . . . . . . 1 . . Recycling Units 1 | . . . . . . . 1 . . . . . . . . Scanalyzers 5 | . . . 1 . . . . 1 . 1 1 . 1 . . Garrison Access 11 | . . . . . . . . 2 4 2 . 1 1 . 1 Total Hacks 224 | . 19 . 21 . 1 . 8 15 44 38 30 12 24 . 12 Successful 131 | . 9 . 12 . 1 . 7 11 20 22 22 5 15 . 7 Failed 93 | . 10 . 9 . . . 1 4 24 16 8 7 9 . 5 Catastrophic 11 | . 1 . 1 . . . . . 3 2 1 1 . . 2 Database Lockouts . | . . . . . . . . . . . . . . . . Manual 111 | . 17 . 10 . 1 . 4 8 21 15 15 6 6 . 8 Terminals 181 | . 19 . 19 . . . 7 9 39 34 26 10 9 . 9 Fabricators 1 | . . . . . . . . . . . . . . . 1 Repair Stations 1 | . . . . . . . . . . . . . 1 . . Recycling Units 1 | . . . . . . . 1 . . . . . . . . Scanalyzers 23 | . . . 2 . . . . 4 . 1 4 . 12 . . Garrison Access 16 | . . . . . . . . 2 5 3 . 2 2 . 2 Terminal Hacks 55 | . 3 . 4 . 1 . 3 1 9 13 14 3 2 . 2 Part Schematic 1 | . . . . . . . . . 1 . . . . . . Robot Analysis 1 | . . . . . . . . . . . 1 . . . . Prototype ID Bank 3 | . . . . . . . 1 1 . . 1 . . . . Open Door 1 | . . . . . . . . . 1 . . . . . . Level Access Points 4 | . . . . . . . 1 . . . 1 1 . . 1 Branch Access Points 4 | . . . . . . . . . 1 1 . 1 . . 1 Emergency Access Points 3 | . . . . . . . . . . 2 1 . . . . Terminal Index 1 | . . . . . . . . . . . 1 . . . . Unreport Threat 2 | . . . . . . . . . 1 1 . . . . . Locate Traps 6 | . 1 . 1 . . . . . . 1 3 . . . . Disarm Traps 3 | . . . . . . . . . 1 2 . . . . . Reprogram Traps 2 | . . . . . . . . . 2 . . . . . . Maintenance Status 1 | . . . . . . . . . . 1 . . . . . Patrol Status 1 | . . . . . . . . . . . 1 . . . . Transport Status 1 | . . . 1 . . . . . . . . . . . . Recall Investigation 2 | . . . . . . . . . . 1 . . 1 . . Recall Reinforcements 1 | . . . . . . . . . . 1 . . . . . Hauler Manifests 6 | . 1 . 1 . . . 1 . 1 1 1 . . . . Registered Components 4 | . 1 . 1 . . . . . 1 . 1 . . . . Registered Prototypes 1 | . . . . . . . . . . . 1 . . . . Zone Layout 6 | . . . . . . . . . . 2 2 1 1 . . Proto ID Catalog 1 | . . . . . 1 . . . . . . . . . . Fabricator Hacks 1 | . . . . . . . . . . . . . . . 1 Load Schematic 1 | . . . . . . . . . . . . . . . 1 Repair Station Hacks . | . . . . . . . . . . . . . . . . Recycling Unit Hacks 1 | . . . . . . . 1 . . . . . . . . Report Inventory 1 | . . . . . . . 1 . . . . . . . . Scanalyzer 19 | . . . 2 . . . . 4 . . 3 . 10 . . Insert Component 8 | . . . 1 . . . . 2 . . 2 . 3 . . Analyze 11 | . . . 1 . . . . 2 . . 1 . 7 . . Garrison Access Hacks 8 | . . . . . . . . 2 2 1 . 1 1 . 1 Seal Access 8 | . . . . . . . . 2 2 1 . 1 1 . 1 Unauthorized Hacks 47 | . 6 . 6 . . . 3 4 9 8 5 1 2 . 3 Terminals 47 | . 6 . 6 . . . 3 4 9 8 5 1 2 . 3 Assimilate 7 | . . . 1 . . . 2 2 1 . 1 . . . . Botnet 35 | . 1 . 5 . . . 1 2 8 8 4 1 2 . 3 Skim 5 | . 5 . . . . . . . . . . . . . . Fabricators . | . . . . . . . . . . . . . . . . Repair Stations . | . . . . . . . . . . . . . . . . Recycling Units . | . . . . . . . . . . . . . . . . Scanalyzers . | . . . . . . . . . . . . . . . . Garrison Access . | . . . . . . . . . . . . . . . . Data Cores Recovered 3 | . . . . . . . . . 2 1 . . . . . Used 1 | . . . . . . . . . . 1 . . . . . Hacking Detections 63 | . 7 . 5 . . . 2 6 13 12 6 2 5 . 5 Full Trace Events 1 | . . . . . . . . . 1 . . . . . . Feedback Events 2 | . . . . . . . . . 2 . . . . . . Corruption 1 | . . . . . . . . . 1 . . . . . . Hackware Fried 1 | . . . . . . . . . 1 . . . . . . Feedback Blocked . | . . . . . . . . . . . . . . . . Robot Schematics Acquired . | . . . . . . . . . . . . . . . . Robots Built . | . . . . . . . . . . . . . . . . Authchips . | . . . . . . . . . . . . . . . . Time . | . . . . . . . . . . . . . . . . Total Robot Build Rating . | . . . . . . . . . . . . . . . . Part Schematics Acquired 7 | . . . . . . . . 2 1 . 1 . 3 . . Parts Built . | . . . . . . . . . . . . . . . . Authchips . | . . . . . . . . . . . . . . . . Time . | . . . . . . . . . . . . . . . . Total Part Build Rating . | . . . . . . . . . . . . . . . . Parts Repaired . | . . . . . . . . . . . . . . . . Time . | . . . . . . . . . . . . . . . . Parts Recycled . | . . . . . . . . . . . . . . . . Recycled Matter . | . . . . . . . . . . . . . . . . Retrieved Matter . | . . . . . . . . . . . . . . . . Retrieved Components . | . . . . . . . . . . . . . . . . Parts Scanalyzed 8 | . . . 1 . . . . 2 . . 2 . 3 . . Part Schematics Acquired 6 | . . . . . . . . 2 . . 1 . 3 . . Parts Damaged 1 | . . . . . . . . . . . . . 1 . . Bothacking | -11 -10 -10 -9 -9 -9 -8 -8 -7 -6 -5 -4 -3 -2 -2 -1 ------------ Run | Yrd Mat Min Mat Min Exi Min Mat Fac Fac Fac Fac Res Res Tes Acc Used RIF Installer . | . . . . . . . . . . . . . . . . Robots Hacked . | . . . . . . . . . . . . . . . . Non-combat . | . . . . . . . . . . . . . . . . Combat . | . . . . . . . . . . . . . . . . Robot Hacks Applied . | . . . . . . . . . . . . . . . . Relay Couplers Released . | . . . . . . . . . . . . . . . . Fabnet Peak Effective % . | . . . . . . . . . . . . . . . . Robots Rewired . | . . . . . . . . . . . . . . . . Allies Hacked . | . . . . . . . . . . . . . . . . Hacks Repelled . | . . . . . . . . . . . . . . . . Allies | -11 -10 -10 -9 -9 -9 -8 -8 -7 -6 -5 -4 -3 -2 -2 -1 -------- Run | Yrd Mat Min Mat Min Exi Min Mat Fac Fac Fac Fac Res Res Tes Acc Total Allies 11 | . . 3 1 2 . . 1 2 1 . 1 . . . . Largest Group 3 | . . 3 3 2 2 . 1 2 2 . 1 . . . . Highest-Rated Group 48 | . . 40 40 48 48 . 10 36 36 . 10 . . . . Highest-Rated Ally 31 | . . 16 16 31 31 . 10 26 26 . 10 . . . . Total Orders . | . . . . . . . . . . . . . . . . Ally Attacks 49 | . . . 49 . . . . . . . . . . . . Total Damage 503 | . . . 503 . . . . . . . . . . . . Kills 7 | . . . 7 . . . . . . . . . . . . Allies Corrupted . | . . . . . . . . . . . . . . . . Allies Melted . | . . . . . . . . . . . . . . . . Intel | -11 -10 -10 -9 -9 -9 -8 -8 -7 -6 -5 -4 -3 -2 -2 -1 ------- Run | Yrd Mat Min Mat Min Exi Min Mat Fac Fac Fac Fac Res Res Tes Acc Active Infowar (turns) 5428 | 19 1161 117 148 . . . . . 761 831 428 233 604 338 788 Optics 1678 | . . . . . . . . . . . . . 552 338 788 Terrain 68 | . . . . . . . . . 68 . . . . . . Traps 2182 | . . . . . . . . . 761 831 428 162 . . . Seismic 1445 | 19 1161 117 148 . . . . . . . . . . . . Machine Analysis 1276 | . . . . . . . . . . . . . 165 338 773 Jamming 664 | . . . . . . . . . . . 52 179 234 10 189 ECM 1325 | . . . . . . . . . . . . . 458 338 529 Robot Analysis Total 1 | . . . . . . . . . . . 1 . . . . Derelict Logs Recovered 1 | . . . . 1 . . . . . . . . . . . Drone Launches . | . . . . . . . . . . . . . . . . Drone Recoveries . | . . . . . . . . . . . . . . . . Exploration | -11 -10 -10 -9 -9 -9 -8 -8 -7 -6 -5 -4 -3 -2 -2 -1 ------------- Run | Yrd Mat Min Mat Min Exi Min Mat Fac Fac Fac Fac Res Res Tes Acc Turns Passed 9499 | 89 1161 117 1695 868 290 318 412 315 994 831 428 233 604 338 806 Spaces Moved 14602 | 37 675 74 734 530 207 130 638 997 2569 2072 1236 656 1526 1007 1514 Core 58 | 1 . . . . . 1 . . . . . . . . 56 Treads 1472 | 32 590 74 734 42 . . . . . . . . . . . Legs . | . . . . . . . . . . . . . . . . Wheels 913 | 4 85 . . 488 207 129 . . . . . . . . . Hover 2 | . . . . . . . . . . . . . . . 2 Flight 12157 | . . . . . . . 638 997 2569 2072 1236 656 1526 1007 1456 Fastest Speed 15 | 50 95 160 160 140 140 110 26 23 23 21 21 21 15 15 23 Average Speed 47 | 150 152 160 190 151 140 141 27 25 23 21 21 21 21 24 34 Slowest Speed 450 | 160 160 160 240 320 140 450 98 26 96 24 21 22 25 25 250 Overloaded Moves 146 | . . . . . . . . . . . . . 52 37 57 Propulsion Burnouts . | . . . . . . . . . . . . . . . . Robots Hopped 83 | . . . . . . . 7 1 21 18 9 2 18 4 3 Potential Cave-ins 15 | . . . . . . . . . . . . . 3 . 12 Cave-ins Triggered 1 | . . . . . . . . . 1 . . . . . . Exploration Rate (%) 50 | 6 99 26 66 99 59 28 41 31 71 52 32 30 46 76 49 Regions Visited 15 Branch Regions 5 Pre-discovered Areas 1 | . . . . 1 . . . . . . . . . . . Known Exits Taken 8 | . 1 . 1 . 1 . 1 . . . 1 1 1 1 . Unknown Exits Taken 7 | 1 . 1 . 1 . 1 . 1 1 1 . . . . . Scrap Searched 1 | . . . . 1 . . . . . . . . . . . Spaces Dug 231 | . . . . . . . 17 2 29 39 15 9 56 13 51 Terrain Destroyed 351 | . . . . 31 . 9 26 2 45 39 15 11 56 13 104 Melee 172 | . . . . . . . 5 2 29 39 15 7 40 9 26 Projectile 66 | . . . . . . . 12 . . . . 4 16 4 30 AOE 113 | . . . . 31 . 9 9 . 16 . . . . . 48 Terrain Rammed . | . . . . . . . . . . . . . . . . Walls Destroyed . | . . . . . . . . . . . . . . . . Machines Disabled . | . . . . . . . . . . . . . . . . Actions | -11 -10 -10 -9 -9 -9 -8 -8 -7 -6 -5 -4 -3 -2 -2 -1 --------- Run | Yrd Mat Min Mat Min Exi Min Mat Fac Fac Fac Fac Res Res Tes Acc Total 16404 | 53 756 73 920 564 207 243 809 1053 2862 2348 1363 714 1688 1068 1683 Wait 1024 | . 41 . 98 13 . 96 111 28 164 157 106 31 91 28 60 Move 14427 | 36 674 73 733 529 206 129 625 994 2526 2037 1217 651 1491 998 1508 Hop 77 | . . . . . . . 5 1 21 16 9 2 16 4 3 Pick Up 83 | 3 8 . 9 2 1 1 5 5 18 14 2 2 2 4 7 Fast Attach 74 | 7 2 . 6 1 . 1 5 2 15 5 2 5 9 5 9 Attach 47 | . . . 3 4 . 2 7 7 5 2 2 1 1 2 11 Detach 15 | . . . . . . . 1 5 3 . . 1 1 1 3 Swap 42 | . 4 . 8 1 . 2 5 . 7 7 2 . 1 2 3 Drop 111 | . 2 . 11 . . 1 15 4 27 22 3 3 10 8 5 Fire 199 | 7 25 . 52 14 . 11 15 . 7 . . 7 16 4 41 Melee 254 | . . . . . . . 15 5 43 65 20 11 50 12 33 Ram . | . . . . . . . . . . . . . . . . Kick . | . . . . . . . . . . . . . . . . Crush . | . . . . . . . . . . . . . . . . Escape Stasis 36 | . . . . . . . . . 18 18 . . . . . Rewire . | . . . . . . . . . . . . . . . . Trap 15 | . . . . . . . . 2 8 5 . . . . . Miscellaneous . | . . . . . . . . . . . . . . . . Route ------- -11/Scrapyard -10/Materials (discovered 6 exits: *Mat x3 / *Min x2 / *Sub) -10/Mines -9/Materials (discovered 4 exits: *Mat x2 / *Min / *Sto) -9/Mines (discovered 3 exits: *Mat x2 / *Exi) -9/Exiles -8/Mines -8/Materials (discovered 3 exits: *Fac x3) -7/Factory (discovered 2 exits: *Fac x2) -6/Factory (discovered 7 exits: *Fac x3 / Low x2 / *Ext x2) -5/Factory (discovered 3 exits: *Fac / Upp x2) -4/Factory (discovered 4 exits: *Res x4) -3/Research (discovered 6 exits: *Res x3 / *Arm / *Qua x2) -2/Research -2/Testing -1/Access (discovered 2 exits: Sur / Com) History --------- Turn | Location | Event 27 | -11/Scrapyard | Discovered new exit (range 15) 90 | -11/Scrapyard | Entered Materials 301 | -10/Materials | Build established: Mutant 355 | -10/Materials | Discovered new exit (range 13) 623 | -10/Materials | Discovered new exit (range 6) 839 | -10/Materials | Discovered new exit (range 6) 1033 | -10/Materials | Discovered new exit (range 9) 1048 | -10/Materials | Identified exit to Subcaves 1048 | -10/Materials | Identified exit to Mines 1048 | -10/Materials | Learned location of 1 exit from Materials 1117 | -10/Materials | Learned location of 1 exit from Recycling 1251 | -10/Materials | Entered Mines 1287 | -10/Mines | Assisted by bots powering up and referring to "LRC-V3" 1357 | -10/Mines | Discovered new exit (range 8) 1368 | -10/Mines | Entered Materials 1368 | -9/Materials | Accompanied by 3 allies 1368 | -9/Materials | Evolved 2 slots: Utility x1, Weapon x1 1369 | -9/Materials | Identified exit to Mines 1370 | -9/Materials | Identified exit to Storage 1535 | -9/Materials | Lost 3 allies 1651 | -9/Materials | Build established: Tank 1770 | -9/Materials | Discovered new exit (range 16) 2349 | -9/Materials | Build established: Gunner 2860 | -9/Materials | Discovered new exit (range 16) 3063 | -9/Materials | Entered Mines 3064 | -9/Mines | Learned location of Storage (-9) 3096 | -9/Mines | Assembled infested the area 3152 | -9/Mines | Destroyed 10 combat bots 3165 | -9/Mines | Lost 5 parts (2n1u2w) 3313 | -9/Mines | Discovered new exit (range 5) 3355 | -9/Mines | Discovered new exit (range 2) 3601 | -9/Mines | Discovered new exit (range 7) 3602 | -9/Mines | Found a Scrap Suit stashed away for nefarious purposes 3714 | -9/Mines | Found Scrap Suit 3739 | -9/Mines | Learned Materials garrison access intel 3931 | -9/Mines | Entered Exiles 3931 | -9/Exiles | Accompanied by 2 allies 3932 | -9/Exiles | Identified exit to Mines 3961 | -9/Exiles | Led the pair of lost Derelicts to a safe place 3966 | -9/Exiles | Met 8R-AWN 3989 | -9/Exiles | Met EX-HEX 4029 | -9/Exiles | Met EX-BIN 4046 | -9/Exiles | Aligned with FarCom system 4048 | -9/Exiles | Given EX-Vault access code 4081 | -9/Exiles | Opened EX-Vault 4090 | -9/Exiles | Found PSU Rigger 4119 | -9/Exiles | Warned to stay clear of 0b10 Research branches 4159 | -9/Exiles | Met EX-DEC 4221 | -9/Exiles | Left Exiles lab with PSU Rigger 4221 | -9/Exiles | Entered Mines 4379 | -8/Mines | Discovered new exit (range 8) 4505 | -8/Mines | Build established: Skirmisher 4539 | -8/Mines | Entered Materials 4539 | -8/Materials | Evolved 2 slots: Propulsion x2 4540 | -8/Materials | Loaded intel: 1 garrison access location 4569 | -8/Materials | Lost 6 parts (1p1n1u3w) 4790 | -8/Materials | Identified exit to Factory 4800 | -8/Materials | Garrison activated, responded to threat 4807 | -8/Materials | Build established: Sprinter 4951 | -8/Materials | Entered Factory 4951 | -7/Factory | Evolved 2 slots: Propulsion x1, Utility x1 4972 | -7/Factory | Lost 3 parts (1n1u1w) 4989 | -7/Factory | Discovered new exit (range 14) 5177 | -7/Factory | Discovered new exit (range 8) 5266 | -7/Factory | Entered another Factory area 5266 | -6/Factory | Accompanied by 2 allies 5266 | -6/Factory | Evolved 2 slots: Power x1, Utility x1 5391 | -6/Factory | Discovered new exit (range 15) 5436 | -6/Factory | Discovered new exit (range 16) 5558 | -6/Factory | Discovered new exit (range 5) 5819 | -6/Factory | Identified exit to Lower Caves 5819 | -6/Factory | Identified exit to Extension 5819 | -6/Factory | Hacking Suite fried by hacking feedback 6060 | -6/Factory | Discovered new exit (range 15) 6164 | -6/Factory | Crushed by falling debris 6164 | -6/Factory | System corruption reached 10% 6195 | -6/Factory | Lost 4 parts (2p2n) 6260 | -6/Factory | Entered another Factory area 6260 | -5/Factory | Evolved 2 slots: Propulsion x1, Utility x1 6535 | -5/Factory | Spotted B-75 Beast 6570 | -5/Factory | Build established: Hacker-Sprinter 6640 | -5/Factory | Identified exit to Upper Caves 6871 | -5/Factory | Discovered new exit (range 12) 7091 | -5/Factory | Entered another Factory area 7091 | -4/Factory | Evolved 2 slots: Utility x2 7216 | -4/Factory | Discovered new exit (range 6) 7269 | -4/Factory | Identified exit to Research 7519 | -4/Factory | Entered Research 7519 | -3/Research | Evolved 2 slots: Power x1, Propulsion x1 7547 | -3/Research | Spotted B-86 Titan 7562 | -3/Research | Discovered new exit (range 11) 7581 | -3/Research | Identified exit to Quarantine 7642 | -3/Research | Discovered new exit (range 10) 7664 | -3/Research | Identified exit to Armory 7666 | -3/Research | Found Prototype Launcher 7710 | -3/Research | Discovered new exit (range 18) 7710 | -3/Research | Identified exit to Research 7752 | -3/Research | Entered another Research area 7752 | -2/Research | Evolved 2 slots: Utility x2 7858 | -2/Research | Identified Tesla Bomb Launcher 7942 | -2/Research | Found Prototype Device 7942 | -2/Research | Identified Exp. Transmission Jammer 8229 | -2/Research | Spotted B-90 Cyclops 8299 | -2/Research | Discovered new exit (range 5) 8312 | -2/Research | Garrison activated, responded to threat 8338 | -2/Research | Identified exit to Testing 8356 | -2/Research | Entered Testing 8357 | -2/Testing | Maximum security lockdown engaged 8382 | -2/Testing | Found Prototype Ballistic Cannon 8442 | -2/Testing | Spotted Striker 8443 | -2/Testing | Spotted Striker 8488 | -2/Testing | Build established: Hacker-Ninja 8507 | -2/Testing | Found Prototype Device 8507 | -2/Testing | Identified 2N-1CE's Frost Array 8681 | -2/Testing | Spotted Executioner 8681 | -2/Testing | Spotted Executioner 8683 | -2/Testing | Discovered new exit (range 14) 8684 | -2/Testing | Spotted PH-19Q8NMOX9P 8686 | -2/Testing | Identified exit to Access 8694 | -2/Testing | Entered Access 8694 | -1/Access | Evolved 2 slots: Propulsion x1, Utility x1 8724 | -1/Access | Lost 6 parts (1p3n2w) 8944 | -1/Access | First assault squad dispatched 9163 | -1/Access | Spotted B-99 Colossus 9173 | -1/Access | Identified exit to Command 9306 | -1/Access | Lost 9 parts (1p4n2u2w) 9312 | -1/Access | Identified exit to Surface 9364 | -1/Access | Spotted B-99 Colossus 9364 | -1/Access | Spotted B-99 Colossus 9384 | -1/Access | Spotted B-99 Colossus 9425 | -1/Access | System corruption reached 10% 9453 | -1/Access | Spotted B-99 Colossus 9463 | -1/Access | Core integrity fell below 50% 9483 | -1/Access | Core integrity fell below 20% 9500 | -1/Access | Destroyed by S-43 Plague with Heavy Machine Gun Last Messages --------------- 09467_ Adv. Hacking Suite destroyed. 09467_ Critical hit (Blast). 09467_ Slug penetrates Terminal. 09467_ Penetrated by Slug. 09467_ Slug penetrates Terminal. 09467_ Penetrated by Slug. 09467_ O-32 Director: "IFF HANDSHAKE FAILED. SECURING TERMINAL." 09467_ Acquired 7 matter. 09474_ System corrupted: Matter fused (-8). 09479_ Destroyed Xenon Bombardment Thruster. 09480_ W-44 Eye suffers critical hit (Destroy). 09480_ W-44 Eye destroyed. 09481_ Destroyed Xenon Bombardment Thruster. 09482_ Exp. Optical Array destroyed. 09484_ Enh. Nova Cannon destroyed. 09491_ TF Node disabled. 09491_ Adv. Sensor Array tumbles out of TF Node. 09491_ Adv. Signal Interpreter tumbles out of TF Node. 09493_ 2N-1CE's Frost Array destroyed. 09496_ Acquired Enh. Hardcell Cannon. Map ----- +----------------------------------------------------+ | ??????????????????????????????????????????????? | | ??????????????????????????????????????????????? | | ??????????????????????????????????????????????? | | ??????????????????????????????????????????????? | | ??????????????????????????????????????????????? | | ??????????????????????????????????????????????? | | ??????????????????????????????????????????????? | | ??????????????????????????????????????????????? | | ??????????????????????????????????????????????? | | ??????????????????????????????????????????????? | | ??????????????????????????????????????????????? | | ??????????????????????????????????????????????? | | ??????????????????????????????????????????????? | | ??????????????????????????????????????????????? | | ??????????????????????????????????????????????? | | ??????????????????????????????????????????????? | | ?????????????????????????????????????????????"? | | ????????????????????????????????????????????""" | | ???????????????????????????????????????????"""? | | ????????????????????????????????????????????"?? | | ??????????????????????????#########???????????? | | ????????????????#######???# ############# | | ????????????????# ##### | | ????????######### s | | ???????? gg gb " ss s ! | | ??????????####### @ !! s%* | | ????????????????# ##### | | ????????????????#######???# ############# | | ??????????????????????????### ###???????????? | | ????????????????????????????# #?????????????? | | ????????????????????????????# +?????????????? | | ????????????????????????????# #?????????????? | | ????????????????????????????# #?????????????? | | ????????????????????????????# #?????????????? | | ????????????????????????????# #?????????????? | | ????????????????????????????+ #?????????????? | | ????????????????????????????? #?????????????? | | ?????????????????????????????? ??????????????? | | ??????????????????????????????????????????????? | | ??????????????????????????????????????????????? | | ??????????????????????????????Y???????????????? | | ??????????????????????????????????????????????? | | ??????????????????????????????????????????????? | | ??????????????????????????????????????????????? | | ??????????????????????????????????????????????? | | ??????????????????????????????????????????????? | | ??????????????????????????????????????????????? | | ??????????????????????????????????????????????? | | ??????????????????????????????????????????????? | | ??????????????????????????????????????????????? | +----------------------------------------------------+ Best States ------------- Heat Dissipation 152 Coolant Potential 100 Energy Generation 27 Energy Capacity 350 Matter Stores 300 Matter Capacity 300 Sight Range 23 Terrain Scan Range 16 Terrain Scan Density 10 ECM Strength 1 Jamming Range 22 Armor Coverage 375 Evasion (%) 65 Targeting Accuracy 20 Melee Accuracy 10 Recoil Reduction 2 Offensive Hacking 34 Defensive Hacking 14 Item Schematics ----------------- Imp. VTOL Module | -7/Factory | Scanalyzed Imp. Grenade Launcher | -7/Factory | Scanalyzed Cld. VTOL Module | -6/Factory | Hacked Imp. Trap Extractor | -4/Factory | Scanalyzed Tesla Bomb Launcher | -2/Research | Scanalyzed Nova Cannon | -2/Research | Scanalyzed Impulse Thruster | -2/Research | Scanalyzed Robot Schematics ------------------ None Fabricated ------------ Nothing Repaired ---------- Nothing Alien Tech Used ----------------- None Achievements -------------- None Challenges ------------ None Game ------ Seed SwordInsulatedChainsword Manual? 0 Play Time 04:31:01 Cumulative 64.3 hours Start 2025.05.30 @ 19:00:48 End 2025.06.03 @ 13:10:19 Sessions 13 Manual Loads 0 Difficulty Rogue Special Mode None Game No. 71 Rogue 68 Adventurer 0 Explorer 3 Win Type - Total 0 Types 0/0/0/0/0/0/0/0/0/0 Lore% 11 Gallery% 36 Achievement% 32 Wizard Run 0 Options --------- Layout 0 ASCII 0 Keyboard 0 Movement Numpad Keybinds 0 Fullscreen 0 Font 16/SmallcapsGlow Map View 88x55 Zoom Use 0% Tactical HUD 1 Map Filters NONE Filters NONE Steam 1 RUN: ff5da2b6-20e7-4ff8-96b6-c8ffdc0bf51b